 Dungeon Crawl Stone Soup version 0.21.1-1-g345015f (webtiles) character file.

340 GenChuck the Bolt Thrower (level 6, 0/46 HPs)
             Began as a Human Hunter on Mar 29, 2018.
             Was a Follower of the Shining One.
             Succumbed to Crazy Yiuf's poison
             ... on level 4 of the Dungeon.
             The game lasted 00:36:18 (4350 turns).

GenChuck the Bolt Thrower (Human Hunter)            Turns: 4350, Time: 00:36:19

Health: 0/46       AC:  7    Str: 12    XL:     6   Next: 86%
Magic:  6/6        EV: 12    Int: 12    God:    the Shining One [*.....]
Gold:   140        SH:  0    Dex: 15    Spells: 5/5 levels left

rFire    . . .     SeeInvis .   a - +1 hand crossbow
rCold    . . .     Gourm    .   (no shield)
rNeg     . . .     Faith    +   c - +1 leather armour
rPois    .         Spirit   .   r - +0 helmet
rElec    .         Reflect  .   (no cloak)
rCorr    +         Harm     .   (no gloves)
MR       .....                  m - +1 pair of boots
Stlth    +.........             e - amulet of faith
HPRegen  0.15/turn              i - ring of resist corrosion
MPRegen  0.10/turn              (no ring)

@: lethally poisoned (0 -> -5), glowing
A: no striking features
a: Renounce Religion


You were on level 4 of the Dungeon.
You worshipped the Shining One.
The Shining One was aware of your devotion.
You were not hungry.

You visited 2 branches of the dungeon, and saw 6 of its levels.

You collected 140 gold pieces.

Inventory:

Hand Weapons
 a - a +1 hand crossbow (weapon)
 b - a +0 short sword
 g - a +0 whip
 k - a +0 dagger
 A - a +0 morningstar
Missiles
 d - 2 bolts (quivered)
Armour
 c - a +1 leather armour (worn)
 m - a +1 pair of boots (worn)
 r - a +0 helmet (worn)
 z - a +0 ring mail
Jewellery
 e - an amulet of faith (around neck)
 i - a ring of resist corrosion (left hand)
 B - an uncursed amulet of guardian spirit
Scrolls
 o - a scroll of remove curse
 p - a scroll of teleportation
 s - a scroll of enchant armour
 u - 3 scrolls of identify
Potions
 h - a potion of resistance
 l - 4 potions of invisibility
 n - a potion of lignification {unknown}
Comestibles
 f - 9 rations
 j - 2 chunks of flesh


   Skills:
 + Level 2.9 Fighting
 * Level 0.8 Short Blades
   Level 0.4 Slings
 * Level 6.4 Crossbows
 + Level 2.0 Armour
 + Level 2.6 Dodging
 + Level 1.1 Stealth


You had 5 spell levels left.
You didn't know any spells.

Dungeon Overview and Level Annotations

Branches:
Dungeon (5/15)             Temple (1/1) D:4

Altars:
Dithmenos
Elyvilon
Fedhas
Gozag
Kikubaaqudgha
Makhleb
Okawaru
Sif Muna
Trog
Uskayaw
Vehumet
Yredelemnul
Zin
The Shining One

Annotations:
D:3 Grinder; soepske's ghost, amateur FoFi
D:4 Crazy Yiuf; Dowan; Duvessa


Message History

Crazy Yiuf hits you with a quarterstaff of chaos.
* * * LOW HITPOINT WARNING * * *
You feel your power leaking away.
* * * LOW HITPOINT WARNING * * *
You feel sick.
* * * LOW HITPOINT WARNING * * *
You feel sick.
Crazy Yiuf says, "Nubble rumpyflump down!"
* * * LOW HITPOINT WARNING * * *
You feel sick.
* * * LOW HITPOINT WARNING * * *
You feel sick.
* * * LOW HITPOINT WARNING * * *
You feel sick.
* * * LOW HITPOINT WARNING * * *
You feel sick.
Crazy Yiuf flaps his cloak.
* * * LOW HITPOINT WARNING * * *
You feel sick.
You die...

.......## ♣.♣♣
#...... .......##
♣♣.♣♣ #+###......
........# ♣...♣♣
#..........
........# ♣P.P.♣
#..........
........# #....#
#..........
.......##
##.g..####....######
########
#.............#.....
#.............#.....
#..@....##'####.....
#.......#...........
#.......#....#######
#.......#....##....#
#.......#...........
#.......##...##.....
#........#...##.....
#........#....#.....
#........#..<.'.....


You could see Crazy Yiuf.

Vanquished Creatures
  An ogre (D:4)
  A scorpion (Temple)
  A hound (D:4)
  A bullfrog skeleton (D:4)
  An iguana (D:4)
  A hound skeleton (D:4)
  Robin (Temple)
  4 adders
  A worm (D:2)
  A dart slug (D:1)
  2 leopard geckos
  An orc (D:4)
  2 ball pythons
  A giant cockroach (D:4)
  6 hobgoblins
  4 jackals
  A quokka (D:4)
  6 bats
  4 frilled lizards
  15 goblins
  A kobold (D:1)
  A quokka skeleton (D:5)
  6 rats
63 creatures vanquished.

Notes
Turn   | Place    | Note
-------+----------+-------------------------------------------
     0 | D:1      | GenChuck the Human Hunter began the quest for the Orb.
     0 | D:1      | Reached XP level 1. HP: 16/16 MP: 1/1
   103 | D:2      | Reached XP level 2. HP: 16/23 MP: 2/2
   496 | D:1      | Reached XP level 3. HP: 28/28 MP: 3/3
   545 | D:1      | Found a glowing golden altar of the Shining One.
   552 | D:1      | Became a worshipper of the Shining One
  2225 | D:3      | Noticed soepske's ghost (amateur FoFi)
  2229 | D:3      | Noticed Grinder
  2441 | D:4      | Found a staircase to the Ecumenical Temple.
  2448 | D:4      | Reached skill level 5 in Crossbows
  2497 | Temple   | Entered the Ecumenical Temple
  2710 | D:4      | Noticed Robin
  2713 | D:4      | Reached XP level 4. HP: 34/34 MP: 4/4
  3001 | Temple   | Reached skill level 1 in Armour
  3001 | Temple   | Reached XP level 5. HP: 17/39 MP: 5/5
  3252 | Temple   | Killed Robin
  3564 | D:5      | Entered Level 5 of the Dungeon
  3582 | D:4      | Reached XP level 6. HP: 45/46 MP: 6/6
  3722 | D:5      | Reached * piety under the Shining One
  3722 | D:5      | Noticed an ogre
  3732 | D:4      | Killed an ogre
  3732 | D:4      | Reached skill level 6 in Crossbows
  3935 | D:4      | Noticed Dowan
  3936 | D:4      | Noticed Duvessa
  4331 | D:4      | Found a runed door.
  4335 | D:4      | Noticed Crazy Yiuf
  4345 | D:4      | HP: 2/46 [poisoned by Crazy Yiuf]
  4350 | D:4      | Succumbed to Crazy Yiuf's poison

Skill      XL: |  1  2  3  4  5  6 |
---------------+-------------------+-----
Crossbows      | 5 6 |  6.4
Armour         | 1 2 |  2.0
Fighting       | |  2.9
Short Blades   | |  0.8
Slings         | |  0.4
Dodging        | |  2.6
Stealth        | |  1.1

Action                   |  1- 3 |  4- 6 || total
-------------------------+-------+-------++-------
Melee: Short sword       |     8 |    28 ||    36
 Fire: Hand crossbow     |    77 |    87 ||   164
       Hunting sling     |       |     2 ||     2
Throw: Stone             |     3 |     3 ||     6
  Use: Scroll            |    12 |     2 ||    14
       Potion            |       |     1 ||     1
  Eat: Ration            |     2 |       ||     2
       Chunk             |     1 |     3 ||     4
Armor: Leather armour    |    31 |    56 ||    87
Dodge: Dodged            |    33 |    88 ||   121
